 Dungeon Crawl Stone Soup version 0.29.0-11-gd7f09526c8 (webtiles) character file.

Game seed: 18183921626088775478

161 Arcadio the Grave Robber (level 5, -3/24 HPs)
             Began as a Vine Stalker Necromancer on Sept 4, 2022.
             Slain by an orc wizard
             ... wielding a +2 dagger of protection
              (4 damage)
             ... on level 3 of the Dungeon.
             The game lasted 00:06:14 (3366 turns).

Arcadio the Grave Robber (Vine Stalker Necromancer) Turns: 3366, Time: 00:06:14

Health: -3/24      AC:  3    Str: 10    XL:     5   Next: 42%
Magic:  0/11       EV: 12    Int: 17    God:
Gold:   184        SH:  0    Dex: 15    Spells: 7/11 levels left

rFire   . . .      SeeInvis .   g - +0 dagger
rCold   . . .      Faith    .   (no shield)
rNeg    . . .      Spirit   +   a - +0 robe
rPois   .          Reflect  .   (no helmet)
rElec   .          Harm     .   c - +0 cloak
rCorr   .          Rampage  .   (no gloves)
Will    .....                   (no boots)
Stlth   +++.......              (no amulet)
HPRegen 0.88/turn               (no ring)
MPRegen 0.12/turn               (no ring)

@: no status effects
A: fangs 2, regeneration 1, magic shield, antimagic bite, no potion heal 2
a: no special abilities


You were on level 3 of the Dungeon.
You visited 1 branch of the dungeon, and saw 3 of its levels.

You collected 234 gold pieces.
You spent 50 gold pieces at shops.

Inventory:

Hand Weapons
 d - a +0 club
 g - a +0 dagger (weapon)
Armour
 a - a +0 robe (worn)
 c - a +0 cloak (worn)
Scrolls
 e - 2 scrolls of poison
 f - 2 scrolls of teleportation
 l - a scroll of immolation {unknown}
 m - a scroll of noise {unknown}
 n - 3 scrolls of enchant armour {unknown}
 o - a scroll of magic mapping {unknown}
Potions
 b - 2 potions of magic
 h - 3 potions of ambrosia
 i - a potion of mutation {unknown}
 j - 2 potions of attraction {unknown}
 k - 2 potions of degeneration {unknown}


   Skills:
 - Level 1.5 Dodging
 + Level 4.6 Stealth
 + Level 3.6 Spellcasting
 + Level 4.9 Necromancy


You had 7 spell levels left.
You knew the following spells:

 Your Spells              Type           Power      Damage    Failure   Level
a - Necrotise             Necr           80%        1d8       2%          1
b - Vampiric Draining     Necr           20%        2d7       6%          3

Your spell library contained the following spells:

 Spells                   Type           Power      Damage    Failure   Level
 Sting                    Tmut/Pois      12%        1d3       17%         1
 Animate Dead             Necr           20%        N/A       22%         4
 Poisonous Vapours        Pois/Air       6%         N/A       26%         2
 Agony                    Necr           20%        N/A       52%         5
 Olgreb's Toxic Radiance  Pois           3%         N/A       86%         4
 Iskenderun's Battlesphe  Conj           3%         2d6       99%         5
 Iron Shot                Conj/Erth      1%         9d1       100%        6
 Spellforged Servitor     Conj/Summ      1%         N/A       100%        7


Dungeon Overview and Level Annotations

Branches:
Dungeon (3/15) Zot: 14631

Altars:

Shops:
D:3 ?


Innate Abilities, Weirdness & Mutations

You have extremely sharp teeth.
Your natural rate of healing is unusually fast.
When hurt, damage is shared between your health and your magic reserves.
Your bite disrupts and absorbs the magic of your enemies.
Potions cannot restore your health.


Message History

The magic dart hits you!
You closely miss the orc wizard. Your bite misses the orc wizard.
The orc wizard is almost dead.
The orc wizard gestures wildly while chanting.
The orc wizard flickers and vanishes!
Deactivating autopickup; reactivate with Ctrl-A.
Something hits you.
You hear some strange, mumbled words.
Something tries to affect you, but you resist.
A magic dart appears from out of thin air!
The magic dart hits you!
A magic dart appears from out of thin air!
The magic dart hits you.
* * * LOW HITPOINT WARNING * * *
Something barely misses you.
You miss something. Something hits you.
You hit something but do no damage. Something completely misses you.
You hit something but do no damage. Your punch misses something.
Something hits you.
You miss something. Your bite misses something. Something hits you.
You barely miss something. Something hits you but does no damage.
You closely miss something. Your bite misses something. Something hits you.
You hit something but do no damage. Your bite misses something.
You hear some strange, mumbled words.
A magic dart appears from out of thin air!
The magic dart hits you.
You barely miss something. Your bite misses something.
You hear some strange, mumbled words.
A puff of flame appears from out of thin air!
The puff of flame hits you!
* * * LOW HITPOINT WARNING * * *
Something completely misses you.
You miss something. Your bite misses something. Something hits you.
* * * LOW HITPOINT WARNING * * *
Okay, then.
You hit something but do no damage. Your punch misses something.
Something hits you.
* * * LOW HITPOINT WARNING * * *
Something hits you.
You die...

.....#####.........#.......
.........##.........#....#..
..........##..............#..
.<........############....#..
...!...... ...........#..
#.>.....#############...#..
#.............# #...#..
#.......#####.# #####..
#........{@...# ###
....##)#####################
##. ##).)...................
............................
.#.#######.............†....
#.################# #.# # #..
# ### #


There were no monsters in sight!

Vanquished Creatures
  Natasha (thrice) (D:2)
  2 adders
  A worm (D:3)
  2 dart slugs
  5 orcs
  5 bats
  6 endoplasms
  A giant cockroach (D:1)
  4 goblins
  7 hobgoblins
  3 jackals (D:3)
  3 quokkas
  7 ball pythons
  A frilled lizard (D:1)
  2 kobolds (D:2)
  3 rats
55 creatures vanquished.

Vanquished Creatures (others)
  A plant (D:1)
1 creature vanquished.

Grand Total: 56 creatures vanquished

Notes
Turn   | Place    | Note
-------+----------+-------------------------------------------
     0 | D:1      | Arcadio the Vine Stalker Necromancer began the quest for
                  | the Orb.
     0 | D:1      | Reached XP level 1. HP: 9/9 MP: 4/4
   329 | D:1      | Reached XP level 2. HP: 12/13 MP: 6/6
   458 | D:1      | Found a faded altar of an unknown god.
  1540 | D:1      | Reached XP level 3. HP: 16/16 MP: 6/8
  1544 | D:1      | Learned a level 3 spell: Vampiric Draining
  2268 | D:2      | Noticed Natasha
  2272 | D:2      | Killed Natasha
  2273 | D:2      | Gained mutation: Your natural rate of healing is unusually
                  | fast. [Vine Stalker growth]
  2273 | D:2      | Reached XP level 4. HP: 21/21 MP: 9/9
  2608 | D:2      | Noticed Natasha
  2643 | D:2      | Killed Natasha
  2820 | D:2      | Noticed Natasha
  2832 | D:2      | Killed Natasha
  2833 | D:2      | Reached XP level 5. HP: 19/24 MP: 2/11
  3059 | D:3      | Found Tasowuu's Magic Scroll Shoppe.
  3062 | D:3      | Bought a scroll of teleportation for 30 gold pieces
  3062 | D:3      | Bought a scroll of identify for 20 gold pieces
  3365 | D:3      | HP: 1/24 [something (3)]
  3366 | D:3      | Slain by an orc wizard

Illustrated notes

Levels and vault maps discovered:
D:1:      dpeg_arrival_renting, layout_loops_corners, serial_forest,
          infiniplex_forest_fountain, infiniplex_forest_straight_2,
          infiniplex_forest_clump_diagonal, infiniplex_forest_lined_2,
          infiniplex_forest_clump_diagonal, infiniplex_forest_clump_long,
          infiniplex_forest_lined_room_3, infiniplex_forest_straight_3,
          infiniplex_forest_lined_room_2, infiniplex_forest_clump_C,
          shapermc_ecumenical_altar_mp_highgroup, dreamdust_princess_corridor
D:2:      layout_loops_ring, minmay_cut_off, uniq_natasha
D:3:      layout_basic, serial_shops, nicolae_shop_behind_doors

Skill      XL: |  1  2  3  4 |
---------------+-------------+-----
Stealth        | 3 4 |  4.6
Spellcasting   | 3 |  3.6
Dodging        | |  1.5
Necromancy     | |  4.9

Action                   |  1- 3 |  4- 6 || total
-------------------------+-------+-------++-------
Melee: Club              |     8 |       ||     8
       Bite              |    21 |    33 ||    54
       Dagger            |    86 |   144 ||   230
       Punch             |       |     3 ||     3
 Cast: Necrotise         |     9 |     1 ||    10
       Vampiric Draining |       |     3 ||     3
  Use: Scroll            |     1 |     1 ||     2
 Stab: Sleeping          |     7 |     2 ||     9
Armor: Robe              |    17 |    27 ||    44
Dodge: Dodged            |    55 |    82 ||   137
